 Dungeon Crawl Stone Soup version 0.30-a0-782-ge64f9170bb (webtiles) character file.

Game seed: 14667807333052021439

1409 nuthulu the Basher (level 8, -1/52 HPs)
             Began as a Gargoyle Fighter on Mar 7, 2023.
             Was a Follower of Okawaru.
             Slain by Duvessa
             ... wielding a +3 rapier of venom
              (11 damage)
             ... on level 5 of the Dungeon.
             The game lasted 00:08:36 (5410 turns).

nuthulu the Basher (Gargoyle Fighter)               Turns: 5410, Time: 00:08:37

Health: -1/52      AC: 21    Str: 23    XL:     8   Next: 70%
Magic:  0/10       EV:  6    Int:  8    God:    Okawaru [*.....]
Gold:   276        SH:  4    Dex:  9    Spells: 7/7 levels left

rFire   . . .      SeeInvis .    a - +0 flail
rCold   . . .      Faith    .    c - +0 buckler
rNeg    + . .      Spirit   +    h - +0 plate armour
rPois   ∞          Reflect  .    r - +2 helmet
rElec   +          Harm     .    k - +0 cloak
rCorr   +          Rampage  .    (no gloves)
Will    +....                    (no boots) Stlth
                                 s - amulet of guardian spirit
HPRegen 0.28/turn                l - ring of resist corrosion
MPRegen 0.12/turn                p - ring of willpower

@: no status effects
A: sickness immunity, AC +5, negative energy resistance 1, electricity
resistance, torment resistance 1, petrification resistance
a: Renounce Religion, Heroism


You were on level 5 of the Dungeon.
You worshipped Okawaru.
Okawaru was aware of your devotion.
You visited 2 branches of the dungeon, and saw 7 of its levels.

You collected 276 gold pieces.

Inventory:

Hand Weapons
 a - a +0 flail (weapon)
Armour
 b - a +0 scale mail
 c - a +0 buckler (worn)
 h - a +0 plate armour (worn)
 k - a +0 cloak (worn)
 r - a +2 helmet (worn)
Jewellery
 l - a ring of resist corrosion (left hand)
 n - a +6 ring of intelligence
 p - a ring of willpower (right hand)
 s - an amulet of guardian spirit (around neck)
Wands
 i - a wand of roots (10)
Scrolls
 d - a scroll of teleportation
 e - a scroll of silence
Potions
 f - a potion of resistance
 g - a potion of haste {unknown}
 j - 3 potions of curing
 m - a potion of attraction {unknown}
 o - 2 potions of mutation {unknown}
 q - a potion of berserk rage {unknown}


   Skills:
 + Level 6.7 Fighting
 + Level 8.4 Maces & Flails
 - Level 3.2 Armour
 - Level 1.1 Dodging
 - Level 0.6 Stealth
 - Level 3.2 Shields
 + Level 3.2 Invocations


You had 7 spell levels left.
You didn't know any spells.
Your spell library contained the following spells:

 Spells                   Type           Power      Damage    Failure   Level
 Beastly Appendage        Tmut           0%         N/A       100%        1
 Kiss of Death            Conj/Necr      0%         2d5       100%        1
 Wereblood                Tmut           0%         N/A       100%        2
 Confusing Touch          Hex            0%         N/A       100%        3
 Stone Arrow              Conj/Erth      0%         3d7       100%        3
 Dispel Undead            Necr           0%         3d6       100%        4
 Sticky Flame             Conj/Fire      0%         2d3       100%        4
 Borgnjor's Vile Clutch   Necr/Erth      0%         N/A       100%        5
 Lehudib's Crystal Spear  Conj/Erth      0%         10d2      100%        8
 Sublimation of Blood     Necr           Unusable   N/A       N/A         2
 Summon Hydra             Summ           Unusable   N/A       N/A         7

Dungeon Overview and Level Annotations

Branches:
Dungeon (6/15)             Temple (1/1) D:4

Altars:
Ashenzari
Fedhas
Gozag
Hepliaklqana
Makhleb
Nemelex Xobeh
Okawaru
Qazlal
Ru
Sif Muna
Trog
Uskayaw
Vehumet
Wu Jian
Xom
Yredelemnul
Zin
The Shining One

Annotations:
D:5 Duvessa


Innate Abilities, Weirdness & Mutations

You are immune to sickness and miasma.
Your stone body is resilient. (AC +5)
You are immune to poison.
You resist negative energy. (rN+)
You are resistant to electric shocks. (rElec)
You are resistant to unholy torment.
You are immune to petrification.


Message History

Duvessa barely misses you.
You hit Duvessa.
Duvessa is moderately wounded.
Duvessa hits you but does no damage.
You hit Duvessa but do no damage.
Duvessa is moderately wounded.
Duvessa hits you with a +3 rapier of venom.
You closely miss Duvessa.
Duvessa is moderately wounded.
You block Duvessa's attack.
You barely miss Duvessa.
Duvessa is moderately wounded.
Duvessa hits you with a +3 rapier of venom!
You block Duvessa's attack.
You feel better.
Duvessa hits you with a +3 rapier of venom!
You sock Duvessa!
Duvessa is heavily wounded.
You block Duvessa's attack.
You barely miss Duvessa.
Duvessa is heavily wounded.
Duvessa hits you with a +3 rapier of venom.
Okay, then.
Duvessa hits you with a +3 rapier of venom!
You sock Duvessa!
Duvessa is severely wounded.
You feel like a meek peon again. Duvessa hits you but does no damage.
You sock Duvessa!
Duvessa is almost dead.
Duvessa hits you but does no damage.
You hit Duvessa but do no damage.
Duvessa is almost dead.
You block Duvessa's attack. Duvessa hits you but does no damage.
You hit Duvessa but do no damage.
Duvessa is almost dead.
Duvessa hits you with a +3 rapier of venom!
* * * LOW HITPOINT WARNING * * *
Duvessa hits you with a +3 rapier of venom!
You die...

########### #.........######
#.........#....# #.........#....#
#.........#....# #.........#....#
#.........#....# #....[....#....#
######### #...e@....##'#########
..#.##..##########.......##......
..#..............#.......#......#
..#..............#.......'......#
..#..............#.......#......#
..#.....##.......#.......#......#
..#.....##.......#.......#......#
..#..............#.......#......#
..#..............#.......########


You could see Duvessa (berserk).

Vanquished Creatures
  Sigmund (D:2)
  A water moccasin (D:5)
  An ice beast (D:6)
  2 ogres
  A phantom (D:5)
  A bullfrog (D:6)
  A gnoll sergeant (D:5)
  2 scorpions
  Dowan (D:6)
  3 hounds
  A gnoll bouda (D:6)
  Crazy Yiuf (D:2)
  4 orc priests (D:4)
  Natasha (D:3)
  Robin (D:1)
  4 gnolls (D:4)
  6 adders
  An ufetubus (D:5)
  3 dart slugs
  11 orcs
  7 ball pythons
  5 bats
  5 endoplasms
  7 giant cockroaches
  20 goblins
  11 hobgoblins
  7 kobolds
  3 quokkas
  2 frilled lizards (D:1)
  7 rats
121 creatures vanquished.

Vanquished Creatures (others)
  5 fungi (D:2)
  26 plants
31 creatures vanquished.

Grand Total: 152 creatures vanquished

Notes
Turn   | Place    | Note
-------+----------+-------------------------------------------
     0 | D:1      | nuthulu the Gargoyle Fighter began the quest for the Orb.
     0 | D:1      | Reached XP level 1. HP: 14/14 MP: 1/1
    75 | D:1      | Reached XP level 2. HP: 13/20 MP: 2/2
   584 | D:1      | Reached XP level 3. HP: 24/24 MP: 3/3
  1067 | D:2      | Reached skill level 3 in Maces & Flails
  1197 | D:2      | Noticed Sigmund
  1266 | D:2      | Noticed Robin
  1330 | D:1      | Killed Robin
  1331 | D:1      | Reached XP level 4. HP: 26/29 MP: 4/4
  1477 | D:2      | Found a stormy altar of Qazlal.
  1729 | D:2      | Found a runed translucent door.
  1730 | D:2      | Noticed Crazy Yiuf
  1736 | D:2      | HP: 1/29 [Crazy Yiuf/+2 quarterstaff of chaos (11)]
  1737 | D:2      | Killed Crazy Yiuf
  1738 | D:2      | Reached skill level 4 in Maces & Flails
  1986 | D:2      | Reached XP level 5. HP: 31/33 MP: 5/5
  2010 | D:2      | Killed Sigmund
  2011 | D:2      | Reached skill level 5 in Maces & Flails
  2011 | D:2      | Reached skill level 1 in Dodging
  2011 | D:2      | Reached XP level 6. HP: 21/39 MP: 6/6
  2145 | D:2      | Found a faded altar of an unknown god.
  2149 | D:2      | Got Plato's Vellum of Sculpting
  2451 | D:3      | Got Sif Muna's Almanac of the Injurious Caves
  2709 | D:3      | Noticed Natasha
  2719 | D:3      | Killed Natasha
  3042 | D:4      | Found a staircase to the Ecumenical Temple.
  3093 | Temple   | Entered the Ecumenical Temple
  3191 | Temple   | Became a worshipper of Warmaster Okawaru
  3399 | D:4      | Reached skill level 5 in Fighting
  3399 | D:4      | Reached skill level 6 in Maces & Flails
  3399 | D:4      | Reached XP level 7. HP: 23/44 MP: 7/7
  3818 | D:4      | Found a hazy altar of Hepliaklqana.
  4000 | D:4      | Reached skill level 7 in Maces & Flails
  4374 | D:5      | Entered Level 5 of the Dungeon
  4792 | D:5      | Reached * piety under Okawaru
  4793 | D:5      | Reached XP level 8. HP: 51/51 MP: 8/8
  4867 | D:5      | Reached skill level 1 in Invocations
  5028 | D:5      | Reached skill level 8 in Maces & Flails
  5343 | D:6      | Noticed Dowan
  5344 | D:6      | Noticed Duvessa
  5387 | D:6      | Killed Dowan
  5410 | D:5      | Slain by Duvessa

Illustrated notes

Levels and vault maps discovered:
D:1:      dpeg_arrival_simpleton_b, layout_basic, serial_glass, glass_columns_c,
          glass_columns_a
D:2:      layout_basic, basic_altar, serial_curves, eino_curves_01,
          eino_curves_04, shapermc_ecumenical_altar_rom_forum,
          minmay_tromino_i4, uniq_robin, uniq_sigmund, uniq_crazy_yiuf_cottage
D:3:      minmay_evil_eye, layout_basic, kennysheep_boxes, uniq_natasha
D:4:      layout_loops_ring, mainiacjoe_overflow_alcove_2,
          minmay_temple_entry_statues
D:5:      layout_gridville
D:6:      kennysheep_housing_project, layout_basic, kiku_gazebo_pond_becter,
          nicolae_dithmenos_through_a_glass_darkly, grunt_decor_arrowhead,
          dk_vineyard_1, uniq_duvessa
Temple:   minmay_temple_bridge_d

Skill      XL: |  1  2  3  4  5  6  7  8 |
---------------+-------------------------+-----
Fighting       | 4 5 6 |  6.7
Maces & Flails | 3 4 5 6 7 8 |  8.4
Dodging        | 1 |  1.1
Invocations    | 3 |  3.2
Armour         | |  3.2
Stealth        | |  0.6
Shields        | |  3.2

Action                     |  1- 3 |  4- 6 |  7- 9 || total
---------------------------+-------+-------+-------++-------
  Melee: Flail             |   107 |   120 |   185 ||   412
 Invoke: Heroism           |       |       |     1 ||     1
    Use: Scroll            |     2 |     4 |     2 ||     8
         Potion            |       |     4 |     1 ||     5
 Armour: Scale mail        |    65 |       |       ||    65
         Plate armour      |    14 |   108 |   139 ||   261
         Skin              |       |     3 |       ||     3
  Dodge: Dodged            |    52 |    34 |    47 ||   133
  Block: Buckler           |    24 |    24 |    30 ||    78

Table legend: (Time is in decaauts)
 A = Elapsed time spent in this place.
 B = Non-inter-level travel time spent in this place.
 C = Inter-level travel time spent in this place.
 D = Time resting spent in this place.
 E = Time spent auto-exploring this place.
 F = Levels seen in this place.
 G = Mean time per level.
                   A        B        C        D        E       F      G
               +--------+--------+--------+--------+--------+-----+--------+
         Total |   5483 |   5320 |    163 |    783 |   3194 |   7 |  783.3 |
       Dungeon |   5238 |   5084 |    154 |    783 |   3006 |   6 |  873.0 |
        Temple |    244 |    235 |      9 |      0 |    188 |   1 |  244.0 |
               +--------+--------+--------+--------+--------+-----+--------+

Top non-repeatable levels by time:
     D:1: 1188 daAuts
     D:4: 1101 daAuts
     D:2: 1100 daAuts
     D:5: 855 daAuts
     D:3: 807 daAuts
  Temple: 244 daAuts
     D:6: 185 daAuts
